 Dungeon Crawl Stone Soup version 0.29-a0-418-gc0181ea820 (webtiles) character file.

Game seed: 3069740039491053760

6364 SkeletonJelly the Cleaver (level 10, -2/97 HPs)
             Began as a Minotaur Fighter on May 17, 2022.
             Was a High Priest of Okawaru.
             Slain by a troll (12 damage)
             ... on level 10 of the Dungeon.
             The game lasted 00:16:40 (11053 turns).

SkeletonJelly the Cleaver (Minotaur Fighter)       Turns: 11053, Time: 00:16:41

Health: -2/97      AC: 13    Str: 25    XL:     10   Next: 65%
Magic:  13/13      EV:  7    Int:  5    God:    Okawaru [*****.]
Gold:   525        SH:  4    Dex: 10    Spells: 9/9 levels left

rFire   . . .      SeeInvis .   a - +0 war axe
rCold   . . .      Faith    .   c - +0 buckler
rNeg    . . .      Spirit   .   J - +0 chain mail {Will+}
rPois   .          Reflect  .   (helmet restricted)
rElec   .          Harm     .   (no cloak)
rCorr   .          Rampage  .   (no gloves)
Will    +....                   (no boots)
Stlth   ..........              (no amulet)
HPRegen 0.26/turn               e - +4 ring of protection
MPRegen 0.13/turn               (no ring)

@: lethally poisoned (-2 -> -4)
A: horns 2, retaliatory headbutt
a: Renounce Religion, Heroism, Finesse, Duel


You were on level 10 of the Dungeon.
You worshipped Okawaru.
Okawaru was extremely pleased with you.
You visited 2 branches of the dungeon, and saw 11 of its levels.
You also visited: Ossuary.

You collected 525 gold pieces.

Inventory:

Hand Weapons
 a - a +0 war axe (weapon)
 t - the +3 halberd "Kaob" {venom, *Corrode rF+ MP+9 Str+2}
   (You found it on level 3 of the Dungeon)

   It poisons the flesh of those it strikes.
   Str:       It affects your strength (+2).
   rF:        It protects you from fire.
   MP:        It affects your magic capacity (+9).
   *Corrode:  It may corrode you when you take damage.
 A - a +0 mace of venom
 D - a +0 trident of flaming
 G - a +1 spear of freezing
Missiles
 F - 15 poisoned darts (quivered)
 P - a throwing net
 S - 5 javelins
Armour
 b - a +0 scale mail
 c - a +0 buckler (worn)
 J - a +0 chain mail of willpower (worn)
 O - a +0 kite shield
 U - a +0 plate armour
Jewellery
 e - a +4 ring of protection (left hand)
 z - a ring of ice
 Q - an amulet of magic regeneration
Wands
 n - a wand of flame (14)
 C - a wand of iceblast (19)
 V - a wand of polymorph (3)
Scrolls
 d - 2 scrolls of enchant weapon {unknown}
 g - 4 scrolls of magic mapping
 j - 2 scrolls of fog {unknown}
 k - 6 scrolls of teleportation {unknown}
 l - a scroll of torment {unknown}
 q - 3 scrolls of poison
 r - 3 scrolls of blinking {unknown}
 s - a scroll of amnesia {unknown}
 w - 2 scrolls of immolation {unknown}
 y - 3 scrolls of silence {unknown}
 E - 9 scrolls of identify {unknown}
 H - 2 scrolls of fear {unknown}
 I - 3 scrolls of vulnerability {unknown}
 K - a scroll of summoning {unknown}
 T - a scroll of brand weapon {unknown}
Potions
 f - 2 potions of cancellation {unknown}
 h - a potion of haste {unknown}
 i - 5 potions of degeneration {unknown}
 m - 5 potions of curing {unknown}
 o - 3 potions of brilliance {unknown}
 p - 2 potions of berserk rage {unknown}
 u - 2 potions of magic {unknown}
 v - 4 potions of lignification {unknown}
 x - 2 potions of heal wounds {unknown}
 B - 3 potions of flight {unknown}
 L - a potion of resistance {unknown}
 M - a potion of attraction {unknown}
 N - 2 potions of mutation {unknown}
 R - a potion of might


   Skills:
 + Level 11.8 Fighting
 - Level 14.0 Axes
 - Level 3.6 Armour
 - Level 3.6 Shields
 * Level 6.1 Invocations


You had 9 spell levels left.
You didn't know any spells.
Your spell library contained the following spells:

 Spells                   Type           Power      Damage    Failure   Level
 Magic Dart               Conj           0%         1d3       99%         1
 Corpse Rot               Necr/Air       0%         N/A       100%        2
 Ensorcelled Hibernation  Hex/Ice        0%         N/A       100%        2
 Passwall                 Tmut/Erth      0%         N/A       100%        2
 Poisonous Vapours        Pois/Air       0%         N/A       100%        2
 Mephitic Cloud           Conj/Pois/Air  0%         N/A       100%        3
 Ozocubu's Armour         Ice            0%         N/A       100%        3
 Swiftness                Air            0%         N/A       100%        3
 Blade Hands              Tmut           0%         N/A       100%        5
 Metabolic Englaciation   Hex/Ice        0%         N/A       100%        5
 Iron Shot                Conj/Erth      0%         9d1       100%        6
 Call Imp                 Summ           Unusable   N/A       N/A         2
 Animate Armour           Summ/Erth      Unusable   N/A       N/A         4
 Simulacrum               Ice/Necr       Unusable   N/A       N/A         6

Dungeon Overview and Level Annotations

Branches:
Dungeon (10/15)            Temple (1/1) D:5            Lair (0/6) D:8
Ossuary (visited)
    Orc: D:9-12

Altars:
Ashenzari
Cheibriados
Dithmenos
Elyvilon
Fedhas
Gozag
Hepliaklqana
Kikubaaqudgha
Makhleb
Nemelex Xobeh
Okawaru
Qazlal
Ru
Sif Muna
Trog
Uskayaw
Vehumet
Wu Jian
Xom
Yredelemnul
Zin
The Shining One

Annotations:
D:6 3 runed translucent doors, b0nj0m0n's ghost, novice DsTm


Innate Abilities, Weirdness & Mutations

You have a pair of horns on your head.
You reflexively headbutt those who attack you in melee.


Message History

You feel sick.
You feel sick.
You feel sick.
You are no longer poisoned.
Key pressed, stopping explore.
Key pressed, stopping explore.
HP restored.
Things that are here:
a +0 hand axe; a +0 leather armour; an orc corpse Health restored: 94; MP restored: 13
Things that are here:
a +0 whip; 2 boomerangs; an orc corpse
Things that are here:
a +0 dagger of venom; a +0 robe You see here a +0 dagger.
E - 9 scrolls labelled REISUI UCYNA (gained 1) Sonja and a troll come into view.
Sonja is wielding a +0 short sword of venom and quivering curare-tipped darts.
Sonja shouts!
The troll shouts!
There are monsters nearby!
There are monsters nearby!
There are monsters nearby!
There are monsters nearby!
There are monsters nearby!
Aiming: Iceblast
Press: ? - help, Shift-Dir - straight line, f - Sonja
Aim: Sonja, wielding a +0 short sword of venom and quivering curare-tipped darts The mass of ice explodes!
The iceblast engulfs Sonja!
Sonja is moderately wounded.
You hit Sonja but do no damage.
Sonja is moderately wounded.
Sonja hits you but does no damage. Sonja barely misses you.
Sonja hits you with a +0 short sword of venom.
You are poisoned.
You take 3 damage, and have 91/94 hp.
You barely miss Sonja.
Sonja is moderately wounded.
You feel sick. Sonja barely misses you. Sonja hits you but does no damage.
You are more poisoned.
Sonja hits you but does no damage.
You are more poisoned.
You take 2 damage, and have 89/94 hp.
You slash Sonja!
Sonja is severely wounded.
You feel very sick.
Sonja mumbles some strange words.
Sonja blinks!
You take 3 damage, and have 86/94 hp.
Aiming: Iceblast
Press: ? - help, Shift-Dir - straight line, p - Sonja The mass of ice explodes!
The iceblast engulfs Sonja!
You kill Sonja!
Okawaru is honoured by your kill.
You can now enter into single combat with a foe.
Okawaru will now gift you equipment as you gain piety.
The iceblast engulfs the troll!
The troll is moderately wounded.
You feel very sick.
Your life force feels restored.
Your Invocations skill increases to level 6!
You take 3 damage, and have 83/97 hp.
You feel very sick. The troll bites you! You block the troll's attack.
The troll claws you but does no damage.
You take 15 damage, and have 68/97 hp.
You hit the troll but do no damage.
The troll is moderately wounded.
You feel sick. The troll bites you! The troll claws you but does no damage.
The troll closely misses you.
You take 11 damage, and have 57/97 hp.
You closely miss the troll.
The troll is moderately wounded.
You feel sick. The troll barely misses you. The troll claws you.
The troll closely misses you.
You take 6 damage, and have 51/97 hp.
You completely miss the troll.
The troll is lightly wounded.
You feel sick. The troll bites you! The troll barely misses you.
The troll claws you but does no damage.
You take 11 damage, and have 40/97 hp.
You barely miss the troll.
The troll is lightly wounded.
You feel sick.
You take 1 damage, and have 39/97 hp.
You slice the troll!!
The troll is severely wounded.
You feel sick. The troll bites you but does no damage.
The troll barely misses you. The troll claws you!
You take 7 damage, and have 32/97 hp.
You completely miss the troll.
The troll is heavily wounded.
You feel sick. You block the troll's attack. The troll claws you!
* * * LOW HITPOINT WARNING * * *
The troll claws you!
* * * LOW HITPOINT WARNING * * *
You take 21 damage, and have 11/97 hp.
MASSIVE DAMAGE!!
You hit the troll.
The troll is heavily wounded.
You feel sick. The troll bites you!
You die...

#.###########
#...T@......#
#.)....#####.#
........+ ..#.#
........# #.#.#
..###.### #.#.# .
###+#####.#.#
#.......#.#.#########
#.......#...........#
#.....))....######.##


You could see a troll.

Vanquished Creatures
  Sonja (D:10)
  A deep elf pyromancer (D:9)
  A troll (D:9)
  2 hornets
  Prince Ribbit (D:7)
  A vampire (D:7)
  3 yaks (D:6)
  A wraith (Ossuary)
  An acid dragon (D:8)
  2 orc warriors
  2 ice beasts
  A black bear (D:6)
  A sky beast (D:6)
  An ogre (D:6)
  2 phantoms
  A kobold brigand (D:9)
  A necrophage (D:7)
  4 scorpions
  5 bullfrogs
  4 wights (D:9)
  20 killer bees
  2 electric eels (D:9)
  A howler monkey (D:5)
  A crimson imp (D:5)
  2 jellies
  3 hounds (D:5)
  4 orc priests
  2 gnoll shamans
  A human zombie (D:8)
  5 iguanas
  Natasha (thrice) (D:2)
  6 orc wizards
  A mummy (Ossuary)
  Robin (D:2)
  9 gnolls
  An adder (D:5)
  2 white imps (D:5)
  3 dart slugs
  32 orcs
  4 endoplasms
  3 giant cockroaches
  23 goblins
  8 hobgoblins
  8 jackals
  9 kobolds
  13 quokkas
  13 ball pythons
  4 bats
  A frilled lizard (D:2)
  5 gnoll skeletons (Ossuary)
  6 kobold skeletons (Ossuary)
  14 orc skeletons (Ossuary)
  7 rats
253 creatures vanquished.

Vanquished Creatures (others)
  An orc wizard (D:8)
  43 plants
44 creatures vanquished.

Grand Total: 297 creatures vanquished

Notes
Turn   | Place    | Note
-------+----------+-------------------------------------------
     0 | D:1      | SkeletonJelly the Minotaur Fighter began the quest for the
                  | Orb.
     0 | D:1      | Reached XP level 1. HP: 19/19 MP: 0/0
   194 | D:1      | Reached skill level 3 in Axes
   194 | D:1      | Reached XP level 2. HP: 27/27 MP: 1/1
   439 | D:1      | Reached XP level 3. HP: 33/33 MP: 2/2
   667 | D:1      | Reached skill level 4 in Axes
   980 | D:2      | Noticed Robin
   998 | D:2      | Killed Robin
   999 | D:2      | Reached XP level 4. HP: 31/41 MP: 3/3
  1245 | D:2      | Noticed Natasha
  1250 | D:2      | Killed Natasha
  1251 | D:2      | Reached skill level 5 in Axes
  1338 | D:2      | Found a faded altar of an unknown god.
  1375 | D:2      | Noticed Natasha
  1378 | D:2      | Killed Natasha
  1387 | D:2      | Reached XP level 5. HP: 47/47 MP: 4/4
  1544 | D:2      | Noticed Natasha
  1557 | D:2      | Killed Natasha
  1558 | D:2      | Reached skill level 5 in Fighting
  1896 | D:3      | Identified the +3 halberd "Kaob" {venom, *Corrode rF+ MP+9
                  | Str+2}
  2144 | D:3      | Found an ornate altar of the Wu Jian Council.
  2146 | D:3      | Found an opulent altar of Gozag.
  2147 | D:3      | Found a stormy altar of Qazlal.
  2172 | D:3      | Found a hazy altar of Hepliaklqana.
  2175 | D:3      | Found a glowing golden altar of the Shining One.
  2757 | D:4      | Reached skill level 6 in Axes
  3156 | D:4      | Reached XP level 6. HP: 26/56 MP: 5/5
  3537 | D:4      | Reached skill level 7 in Axes
  3836 | D:4      | Found an ancient bone altar of Kikubaaqudgha.
  4211 | D:5      | Entered Level 5 of the Dungeon
  4397 | D:5      | Reached XP level 7. HP: 58/63 MP: 6/6
  4400 | D:5      | Reached skill level 8 in Axes
  4706 | D:5      | Found a staircase to the Ecumenical Temple.
  4720 | Temple   | Entered the Ecumenical Temple
  4944 | Temple   | Became a worshipper of Warmaster Okawaru
  5569 | D:6      | Reached skill level 9 in Axes
  5649 | D:6      | Noticed a yak
  5656 | D:6      | Noticed a yak
  5657 | D:6      | Noticed a yak
  5666 | D:6      | Killed a yak
  5666 | D:6      | Reached * piety under Okawaru
  5667 | D:6      | Reached XP level 8. HP: 50/73 MP: 7/7
  5672 | D:6      | Reached skill level 10 in Axes
  5817 | D:6      | Found a runed translucent gate.
  5817 | D:6      | Found a runed translucent gate.
  5965 | D:6      | You fall into a shaft and drop 2 floors!
  6020 | D:8      | Found a staircase to the Lair.
  6025 | D:8      | Reached ** piety under Okawaru
  6040 | D:8      | Reached skill level 11 in Axes
  6062 | D:8      | Found a sand-covered staircase.
  6081 | Ossuary  | Entered an ossuary
  6535 | D:8      | Reached XP level 9. HP: 57/82 MP: 8/8
  6713 | D:7      | Reached skill level 12 in Axes
  6844 | D:7      | Paralysed by a hornet for 3 turns
  7382 | D:6      | Reached *** piety under Okawaru
  7437 | D:6      | Found a runed translucent gate.
  7437 | D:6      | Noticed b0nj0m0n's ghost (novice DsTm)
  7580 | D:7      | Reached skill level 13 in Axes
  7590 | D:7      | Found a snail-covered altar of Cheibriados.
  7978 | D:7      | Reached skill level 10 in Fighting
  7980 | D:7      | Noticed Prince Ribbit
  7998 | D:7      | Killed Prince Ribbit
  8176 | D:7      | Found a white marble altar of Elyvilon.
  8661 | D:8      | Reached skill level 14 in Axes
  9143 | D:9      | Noticed a deep elf pyromancer
  9151 | D:9      | Killed a deep elf pyromancer
  9151 | D:9      | Reached **** piety under Okawaru
  9152 | D:9      | Reached XP level 10. HP: 71/94 MP: 6/10
 10232 | D:9      | Reached skill level 5 in Invocations
 10234 | D:9      | Reached ***** piety under Okawaru
 10875 | D:10     | Entered Level 10 of the Dungeon
 11040 | D:10     | Noticed Sonja
 11045 | D:10     | Killed Sonja
 11053 | D:10     | Slain by a troll

Illustrated notes

Levels and vault maps discovered:
D:1:      dpeg_arrival_water_fire, layout_basic, hangedman_abyss_or_decor_stabs,
          minmay_ruptured
D:2:      kennysheep_the_goblin_king, layout_rooms,
          chequers_ecumenical_altar_grove, kennysheep_flooded_box, uniq_natasha,
          uniq_robin
D:3:      layout_loops_ring, minmay_overflow_temple_star_hex, dk_vineyard_3,
          st_stairs_13, minmay_misc_feat_alley
D:4:      wad_woods_stonehenge, layout_cave_pods, grunt_decor_cap,
          minmay_misc_feat_room, kennysheep_generic_room_3
D:5:      layout_gridville, minmay_temple_entry_large_hall,
          minmay_crystal_water, minmay_fire_ice_demons
D:6:      layout_rooms, ebering_ghost_rock_garden
D:7:      layout_rooms, cheibriados_altar_1, elyvilon_altar_4,
          kennysheep_generic_room_16, uniq_prince_ribbit1
D:8:      layout_basic, lair_entry_dummy, enter_ossuary_3
D:9:      layout_basic, serial_bayou, serial_bayou_lagoon_a,
          serial_bayou_ford_a, serial_bayou_crossing, serial_bayou_pond_d,
          nrook_mini_backslash
D:10:     layout_basic, uniq_sonja
Temple:   regret_index_temple_generic_petals

Skill      XL: |  1  2  3  4  5  6  7  8  9 10 |
---------------+-------------------------------+-----
Axes           | 3 4 5 6 7 9 11 14 | 14.0
Fighting       | 4 5 6 7 8 10 11 | 11.8
Invocations    | 2 6 |  6.1
Armour         | |  3.6
Shields        | |  3.6

Action                   |  1- 3 |  4- 6 |  7- 9 | 10-12 || total
-------------------------+-------+-------+-------+-------++-------
Melee: War axe           |    71 |   170 |   290 |   133 ||   664
       Headbutt          |     5 |    28 |    50 |    20 ||   103
Throw: Dart              |       |       |     2 |       ||     2
Invok: Heroism           |       |       |     4 |     2 ||     6
Evoke: Wand              |       |       |       |     2 ||     2
  Use: Scroll            |       |       |     2 |       ||     2
       Potion            |       |       |     1 |       ||     1
Armor: Scale mail        |    51 |    69 |     9 |       ||   129
       Chain mail        |       |       |   131 |    76 ||   207
Dodge: Dodged            |    42 |    84 |    93 |    42 ||   261
Block: Buckler           |    21 |    39 |    59 |    27 ||   146

Table legend: (Time is in decaauts)
 A = Elapsed time spent in this place.
 B = Non-inter-level travel time spent in this place.
 C = Inter-level travel time spent in this place.
 D = Time resting spent in this place.
 E = Time spent auto-exploring this place.
 F = Levels seen in this place.
 G = Mean time per level.
                   A        B        C        D        E       F      G
               +--------+--------+--------+--------+--------+-----+--------+
         Total |  11099 |  10588 |    511 |      4 |   9076 |  12 |  924.9 |
       Dungeon |  10507 |  10059 |    448 |      4 |   8621 |  10 | 1050.7 |
        Temple |    265 |    202 |     63 |      0 |    192 |   1 |  265.0 |
       Ossuary |    326 |    326 |      0 |      0 |    262 |   1 |  326.0 |
               +--------+--------+--------+--------+--------+-----+--------+

Top non-repeatable levels by time:
     D:9: 1511 daAuts
     D:4: 1474 daAuts
     D:7: 1439 daAuts
     D:8: 1264 daAuts
     D:5: 1094 daAuts
     D:1: 949 daAuts
     D:3: 940 daAuts
     D:2: 910 daAuts
     D:6: 748 daAuts
 Ossuary: 326 daAuts
  Temple: 265 daAuts
    D:10: 175 daAuts
